[Event "Titled Tuesday Blitz June 14 Late 2022"]
[White "Jobava, Baadur"]
[Black "Mammadova, Gulnar"]
[WhiteFideId "13601520"]
[BlackFideId "13403508"]
[WhiteElo "2617"]
[BlackElo "2255"]
[Result "1-0"]
[Round "04"]
[TimeControl "180+1"]
[Date "2022.06.14"]
[WhiteClock "0:01:42"]
[BlackClock "0:00:06"]

1. g4 e5 2. Bg2 d6 3. e3 Nc6 4. h3 g6 5. Nc3 Bg7 6. Nge2 Nge7 7. d4 O-O 8. d5 Nb8 9. g5 Nd7 10. e4 f5 11. gxf6 Nxf6 12. Ng3 c6 13. Bg5 cxd5 14. Nxd5 Nexd5 15. exd5 Qb6 16. O-O Bd7 17. b3 Rae8 18. Qd2 Qc7 19. a4 Qc8 20. Kh2 Rf7 21. Be3 a6 22. c4 Ref8 23. a5 Nh5 24. Nxh5 gxh5 25. Qe2 e4 26. Qxh5 Be5+ 27. Kh1 Rg7 28. Bxe4 Bxa1 29. Rxa1 Bxh3 30. Bd4 Bf5 31. Re1 Bxe4+ 32. Rxe4 Rg6 33. Re7 1-0


[Site "https://www.chess.com"]

[Event "Titled Tuesday Blitz June 14 Late 2022"]
[White "Jocev, Milan"]
[Black "Riehle, Marco"]
[WhiteFideId "900680"]
[BlackFideId "12904392"]
[WhiteElo "2322"]
[BlackElo "2462"]
[Result "0-1"]
[Round "04"]
[TimeControl "180+1"]
[Date "2022.06.14"]
[WhiteClock "0:00:06"]
[BlackClock "0:01:20"]

1. e4 e5 2. f4 exf4 3. Nf3 Ne7 4. d4 d5 5. e5 Ng6 6. Bd3 c5 7. c3 Nc6 8. O-O Bg4 9. Qa4 Bxf3 10. Rxf3 cxd4 11. cxd4 Qb6 12. Bxg6 hxg6 13. Nc3 Qxd4+ 14. Qxd4 Nxd4 15. Rxf4 Ne6 16. Rf1 Rd8 17. Bd2 Bc5+ 18. Kh1 Bd4 19. Rae1 Ke7 20. Nb5 Bc5 21. b4 Bb6 22. Nd6 f5 23. exf6+ Kxd6 24. fxg7 Rhg8 25. Rf6 Rde8 26. Bf4+ Kd7 27. Rxg6 Nxf4 28. Rxe8 Rxe8 29. g3 0-1


[Site "https://www.chess.com"]

[Event "Titled Tuesday Blitz June 14 Late 2022"]
[White "Kamsky, Gata"]
[Black "Korchmar, Vasiliy"]
[WhiteFideId "2000024"]
[BlackFideId "24131750"]
[WhiteElo "2645"]
[BlackElo "2370"]
[Result "1-0"]
[Round "04"]
[TimeControl "180+1"]
[Date "2022.06.14"]
[WhiteClock "0:00:42"]
[BlackClock "0:00:03"]

1. e4 c5 2. Nf3 d6 3. Bb5+ Nd7 4. a4 Nf6 5. Nc3 g6 6. O-O Bg7 7. Re1 O-O 8. a5 a6 9. Bc4 Nb8 10. d4 Nc6 11. e5 Ne8 12. dxc5 Bg4 13. cxd6 exd6 14. Be2 dxe5 15. Qxd8 Rxd8 16. Be3 Nd6 17. Bc5 Rfe8 18. h3 Bf5 19. Bb6 Rc8 20. Red1 Bf8 21. Nd5 Kg7 22. c3 Ne4 23. g4 Be6 24. Nc7 Re7 25. Nxe6+ Rxe6 26. Rd7 Nc5 27. Rd5 Nb3 28. Rad1 e4 29. Ng5 Re5 30. Rxe5 Nxe5 31. Nxe4 Bc5 32. Nxc5 Nxc5 33. b4 Na4 34. Bd4 f6 35. Bxe5 fxe5 36. Rd7+ Kf6 37. c4 Nc3 38. Bf1 e4 39. Rxb7 Rd8 40. b5 axb5 41. cxb5 Rd1 42. Kg2 Nd5 43. Bc4 Nf4+ 44. Kg3 g5 45. Rf7+ Ke5 46. Rf5+ Kd4 47. Rxg5 1-0


[Site "https://www.chess.com"]

[Event "Titled Tuesday Blitz June 14 Late 2022"]
[White "Karas, Marek"]
[Black "Harsh Suresh"]
[WhiteFideId "14928558"]
[BlackFideId "45018464"]
[WhiteElo "2271"]
[BlackElo "2059"]
[Result "1/2-1/2"]
[Round "04"]
[TimeControl "180+1"]
[Date "2022.06.15"]
[WhiteClock "0:01:05"]
[BlackClock "0:00:13"]

1. d4 Nf6 2. Nf3 c5 3. d5 e6 4. Nc3 exd5 5. Nxd5 Nxd5 6. Qxd5 d6 7. Bg5 Be7 8. Bxe7 Qxe7 9. e4 Be6 10. Qd2 O-O 11. Be2 Nc6 12. O-O Rad8 13. Rfe1 Qf6 14. c3 d5 15. exd5 Bxd5 16. Qg5 Qxg5 17. Nxg5 f6 18. Nf3 Rfe8 19. b3 b6 20. Rad1 Kf8 21. h3 g6 22. Rd2 Bxf3 23. Rxd8 Nxd8 24. gxf3 g5 25. Kf1 h5 26. f4 h4 27. fxg5 fxg5 28. Bg4 Rxe1+ 29. Kxe1 Ke7 30. Ke2 Kd6 31. Kd3 Nc6 32. Ke4 Ne7 33. f4 gxf4 34. Kxf4 Nd5+ 35. Kg5 Nxc3 36. Kxh4 Nxa2 37. Kg5 Ke7 38. Kg6 Kf8 39. Be6 Nc1 40. h4 Nd3 41. Kf6 Nf4 42. Bf7 b5 43. h5 Nxh5+ 44. Bxh5 a5 45. Be2 a4 46. bxa4 bxa4 47. Bc4 Ke8 48. Ke6 Kd8 49. Kd6 a3 50. Kxc5 Kc7 51. Ba2 Kb7 52. Kb4 Ka7 53. Kxa3 1/2-1/2


[Site "https://www.chess.com"]

[Event "Titled Tuesday Blitz June 14 Late 2022"]
[White "Kostiukov, Alexandr"]
[Black "De Souza, Cristiano Gomes"]
[WhiteFideId "14108100"]
[BlackFideId "2151758"]
[WhiteElo "2202"]
[BlackElo "2068"]
[Result "0-1"]
[Round "04"]
[TimeControl "180+1"]
[Date "2022.06.15"]
[WhiteClock "0:00:03"]
[BlackClock "0:00:15"]

1. g3 Nf6 2. Bg2 g6 3. c4 Bg7 4. Nf3 O-O 5. O-O d6 6. d4 Nc6 7. Nc3 Bf5 8. h3 Ne4 9. Nd5 Bd7 10. Qc2 f5 11. Nf4 e5 12. dxe5 dxe5 13. Nd5 Be6 14. Rd1 Nd4 15. Nxd4 exd4 16. Nf4 Bf7 17. Bxe4 fxe4 18. Qxe4 c6 19. b3 Re8 20. Qf3 Qd7 21. h4 Re7 22. Bb2 Rae8 23. Rd2 c5 24. Nd5 Bxd5 25. cxd5 Re5 26. b4 b6 27. bxc5 bxc5 28. e4 Rxe4 29. Rc1 Qxd5 30. Kg2 Rf8 31. Qb3 Re5+ 32. Qxd5+ Rxd5 33. Rc4 Rfd8 34. a4 Kf7 35. Ba3 Bf8 36. Kf3 Ke6 37. Ke4 Re5+ 38. Kd3 Rdd5 39. Rb2 Bd6 40. Rb7 a6 41. Rxh7 Kf5 42. Rg7 Re6 43. Rf7+ Kg4 44. Rc2 Rf5 45. Rxf5 gxf5 46. Kc4 Kf3 47. Kd5 Re2 48. Rxe2 Kxe2 49. Kxd6 d3 50. Bc1 c4 51. h5 c3 52. h6 d2 0-1


[Site "https://www.chess.com"]

[Event "Titled Tuesday Blitz June 14 Late 2022"]
[White "Kovanova, Baira"]
[Black "Vifleemskaia, Svetlana"]
[WhiteFideId "4164083"]
[BlackFideId "4129490"]
[WhiteElo "2190"]
[BlackElo "1929"]
[Result "1-0"]
[Round "04"]
[TimeControl "180+1"]
[Date "2022.06.15"]
[WhiteClock "0:00:23"]
[BlackClock "0:00:02"]

1. e4 e5 2. Nf3 Nc6 3. Bb5 a6 4. Ba4 Nf6 5. O-O Be7 6. Re1 b5 7. Bb3 d6 8. c3 O-O 9. h3 Nd7 10. d4 Bf6 11. d5 Ne7 12. Nbd2 g6 13. Nf1 Bg7 14. a4 Rb8 15. axb5 axb5 16. Ng3 Nc5 17. Bc2 b4 18. Be3 b3 19. Bb1 h6 20. Ra3 c6 21. Bxc5 dxc5 22. d6 c4 23. dxe7 Qxe7 24. Qe2 Be6 25. Nd2 Qc5 26. Ra4 Ra8 27. Rxa8 Rxa8 28. Ngf1 h5 29. Ne3 Ra4 30. Nd1 Bh6 31. Ne3 Kg7 32. Rd1 Bg5 33. Qf3 Ra1 34. Qe2 Ra4 35. Kh2 h4 36. Ndf1 Ra1 37. Qd2 Bf4+ 38. Kg1 Bg5 39. Nf5+ Bxf5 40. Qxg5 Bxe4 41. Nd2 Bc2 42. Re1 f6 43. Qg4 Qd5 44. Qe2 Bxb1 45. Rxb1 Ra4 46. Re1 Kf7 47. Ne4 Ra2 48. Qf3 Qe6 49. Ng5+ Ke7 50. Nxe6 Kxe6 51. Qxc6+ Kf5 52. Qxc4 Rxb2 53. Qe4+ Ke6 54. Qc6+ Kf5 55. Qd7+ Kg5 56. Qg4+ Kh6 57. Qxh4+ Kg7 58. Rd1 Rc2 59. Rd7+ 1-0


[Site "https://www.chess.com"]

[Event "Titled Tuesday Blitz June 14 Late 2022"]
[White "Kozak, Adam"]
[Black "Injac, Teodora"]
[WhiteFideId "753246"]
[BlackFideId "932400"]
[WhiteElo "2459"]
[BlackElo "2278"]
[Result "1-0"]
[Round "04"]
[TimeControl "180+1"]
[Date "2022.06.14"]
[WhiteClock "0:01:44"]
[BlackClock "0:00:13"]

1. Nf3 Nf6 2. g3 g6 3. b3 Bg7 4. Bb2 O-O 5. d4 d6 6. Bg2 a5 7. O-O a4 8. c4 axb3 9. axb3 Rxa1 10. Bxa1 c6 11. Nfd2 Na6 12. Bc3 Qb6 13. e4 c5 14. d5 Nb4 15. e5 dxe5 16. Bxe5 Bg4 17. Nf3 Nd7 18. Bxg7 Kxg7 19. Nc3 Ne5 20. Re1 Qf6 21. Re3 Ra8 22. Na4 Nxf3+ 23. Bxf3 Bxf3 24. Rxf3 Qd4 25. Qe2 b5 26. Qxe7 Rf8 27. Nb6 1-0


[Site "https://www.chess.com"]

[Event "Titled Tuesday Blitz June 14 Late 2022"]
[White "Kozin, Yuri"]
[Black "Huber, Benedikt"]
[WhiteFideId "4129920"]
[BlackFideId "12923583"]
[WhiteElo "2540"]
[BlackElo "1979"]
[Result "1/2-1/2"]
[Round "04"]
[TimeControl "180+1"]
[Date "2022.06.15"]
[WhiteClock "0:00:20"]
[BlackClock "0:00:14"]

1. e4 c5 2. Nf3 e6 3. d4 cxd4 4. Nxd4 Nc6 5. Nc3 Qc7 6. Nb3 Nf6 7. Bd3 h5 8. f4 Bb4 9. Bd2 a6 10. Qf3 d6 11. O-O-O Bxc3 12. Bxc3 e5 13. f5 b5 14. Kb1 b4 15. Bd2 a5 16. Bg5 a4 17. Nd2 Ba6 18. Bxa6 Rxa6 19. Qd3 Ra8 20. Nc4 O-O 21. Bxf6 gxf6 22. Qxd6 Qxd6 23. Rxd6 Nd4 24. Rxf6 Rfc8 25. Nxe5 a3 26. Rd1 Rxc2 27. Rxd4 Rxb2+ 28. Ka1 Rc8 29. Nc6 Rc2 30. Kb1 Rb2+ 31. Ka1 Rc2 32. Rxb4 R8xc6 33. Rxc6 Rxc6 34. Kb1 Kg7 35. Rb3 Ra6 36. e5 Ra5 37. Re3 Rc5 38. g3 Kf8 39. h3 Ke7 40. g4 hxg4 41. hxg4 Ke8 42. e6 fxe6 43. Rxe6+ Kf7 44. Re3 Rc4 45. g5 Rf4 46. Re5 Rf2 47. Ra5 Rb2+ 48. Ka1 Rf2 49. Rxa3 Rxf5 50. Rg3 Kg6 51. Kb2 Rxg5 52. Rxg5+ Kxg5 53. Kb3 Kf6 54. Kb4 Ke7 55. Kb5 Kd8 56. Kb6 Kc8 57. Ka7 Kc7 58. a4 Kc8 59. a5 Kc7 60. Ka8 Kc8 61. Ka7 Kc7 62. Ka8 Kc8 63. a6 Kc7 64. Ka7 Kc8 65. Ka8 Kc7 66. Ka7 Kc8 67. Kb6 Kb8 68. a7+ Ka8 69. Ka6 1/2-1/2


[Site "https://www.chess.com"]

[Event "Titled Tuesday Blitz June 14 Late 2022"]
[White "Krstulovic, Alex"]
[Black "Wieczorek, Oskar"]
[WhiteFideId "760056"]
[BlackFideId "1133950"]
[WhiteElo "2193"]
[BlackElo "2330"]
[Result "1-0"]
[Round "04"]
[TimeControl "180+1"]
[Date "2022.06.15"]
[WhiteClock "0:00:04"]
[BlackClock "0:00:05"]

1. e4 c5 2. Nf3 e6 3. d4 cxd4 4. Nxd4 Nf6 5. Nc3 d6 6. g4 e5 7. Nf5 h5 8. Bg5 hxg4 9. Qd2 Bxf5 10. exf5 Nc6 11. O-O-O Be7 12. Bc4 Nd4 13. Bxf6 Bxf6 14. Nd5 Rc8 15. Qd3 Rh3 16. Qf1 Nxc2 17. Kb1 Nd4 18. Rg1 Kf8 19. Rxg4 Rxh2 20. Qg1 Rh8 21. b3 Qd7 22. Nxf6 gxf6 23. Rg7 Qxf5+ 24. Ka1 Rxc4 25. bxc4 Qc2 26. Rg3 Ke7 27. Rc1 Qe4 28. Re3 Qf4 29. Qe1 Rh2 30. Qb4 Qxf2 31. Qxb7+ Kf8 32. Ra3 Nc2+ 33. Rxc2 Qxc2 34. Qc8+ Kg7 35. Rg3+ Qg6 36. Rxg6+ Kxg6 37. Qg4+ Kh6 38. Qg3 Rh5 39. Qf3 f5 40. Kb2 e4 41. Qf4+ Kg6 42. Qxd6+ Kg5 43. Qg3+ Kf6 44. Kc3 Rg5 45. Qd6+ Kg7 46. Kd4 Rg2 47. Ke5 e3 48. Qf6+ Kg8 49. Qd8+ Kg7 50. Qf6+ Kg8 51. Qd8+ Kh7 52. Qd1 e2 53. Qe1 Kg7 54. c5 f6+ 55. Kxf5 Rg5+ 56. Kf4 Rxc5 57. Qxe2 Re5 58. Qg2+ Kf7 59. Qb7+ Re7 60. Qd5+ Kg7 61. Qd6 a5 62. Qxe7+ 1-0


[Site "https://www.chess.com"]

[Event "Titled Tuesday Blitz June 14 Late 2022"]
[White "Kubatko, Ivan"]
[Black "Rychkov, Roman"]
[WhiteFideId "24111473"]
[BlackFideId "30985595"]
[WhiteElo "2285"]
[BlackElo "2333"]
[Result "1/2-1/2"]
[Round "04"]
[TimeControl "180+1"]
[Date "2022.06.15"]
[WhiteClock "0:00:04"]
[BlackClock "0:00:03"]

1. e4 e5 2. Nf3 Nc6 3. Nc3 Nf6 4. g3 g6 5. d4 exd4 6. Nxd4 Bb4 7. Bg2 Bc5 8. Be3 Qe7 9. O-O O-O 10. Nxc6 dxc6 11. Bg5 Qe6 12. Qe2 Re8 13. h3 Kg7 14. Kh2 h6 15. Be3 Bxe3 16. Qxe3 Qc4 17. b3 Qb4 18. a3 Qb6 19. Qf3 Be6 20. Rad1 Rad8 21. Na4 Qa5 22. Qe3 Bg4 23. f3 Bc8 24. Qc3 Qxc3 25. Nxc3 Be6 26. Kg1 Rxd1 27. Rxd1 Nh5 28. Kf2 f5 29. exf5 gxf5 30. Ne2 Kf6 31. Nd4 Bf7 32. g4 fxg4 33. fxg4 Nf4 34. Bf1 Kg5 35. Nf3+ Kf6 36. Rd4 Ne6 37. Rd2 Nf4 38. Kg3 Ng6 39. h4 Bd5 40. g5+ hxg5 41. hxg5+ Kg7 42. Nd4 Rf8 43. Bh3 Nf4 44. Nf5+ Kh8 45. Ne3 Ng6 46. Nxd5 cxd5 47. Rxd5 Kg7 48. Rf5 Re8 49. Rf3 Re1 50. Rf2 Rc1 51. Bg2 Ne5 52. Be4 c6 53. Kf4 Nf7 54. g6 Nd6 55. Ke5 Nxe4 56. Kxe4 Kxg6 57. Kd3 Ra1 58. a4 Re1 59. Rf8 Re7 60. Ra8 a6 61. Kc4 Re2 62. c3 Re5 63. b4 b5+ 64. Kb3 bxa4+ 65. Kxa4 Re3 66. Kb3 Kf5 67. Rxa6 Re6 68. c4 Ke5 69. b5 cxb5 70. Rxe6+ Kxe6 71. cxb5 Kd7 72. Kb4 Kc8 1/2-1/2


[Site "https://www.chess.com"]

[Event "Titled Tuesday Blitz June 14 Late 2022"]
[White "Lashkin, Jegor"]
[Black "Wachinger, Guenther"]
[WhiteFideId "13907808"]
[BlackFideId "4604261"]
[WhiteElo "2368"]
[BlackElo "2212"]
[Result "1-0"]
[Round "04"]
[TimeControl "180+1"]
[Date "2022.06.14"]
[WhiteClock "0:01:19"]
[BlackClock "0:00:30"]

1. Nf3 d5 2. e3 e6 3. b3 Nf6 4. Bb2 Be7 5. d4 O-O 6. Bd3 c5 7. O-O Nc6 8. Nbd2 a6 9. c4 dxc4 10. bxc4 cxd4 11. exd4 b6 12. Rc1 Bb7 13. Qe2 Rc8 14. Rfd1 h6 15. Nf1 Bd6 16. Ne3 Re8 17. Bb1 Na5 18. Ne5 Qc7 19. h3 Red8 20. N5g4 Nxg4 21. Qxg4 Bf8 22. d5 exd5 23. Nf5 g6 24. Qd4 f6 25. Qxf6 Qh7 26. Nxh6+ Bxh6 27. Bxg6 Qg7 28. Qe6+ 1-0


[Site "https://www.chess.com"]

[Event "Titled Tuesday Blitz June 14 Late 2022"]
[White "Leiva, Gianmarco"]
[Black "Janturin, Artur"]
[WhiteFideId "3804399"]
[BlackFideId "4130022"]
[WhiteElo "2323"]
[BlackElo "2399"]
[Result "1-0"]
[Round "04"]
[TimeControl "180+1"]
[Date "2022.06.15"]
[WhiteClock "0:00:02"]
[BlackClock "0:00:01"]

1. e4 a6 2. Nf3 b5 3. d4 Bb7 4. Bd3 Nf6 5. Nbd2 e6 6. O-O c5 7. c3 Be7 8. a4 cxd4 9. cxd4 b4 10. Re1 Nc6 11. e5 Nd5 12. Ne4 O-O 13. Bg5 f6 14. exf6 gxf6 15. Bh6 Rf7 16. Rc1 Kh8 17. Ng3 Qa5 18. Bc2 Rg8 19. Qd3 Bd6 20. Bb3 Nce7 21. Qd2 Rg4 22. Re4 Rg6 23. Rh4 f5 24. Bg5 Rfg7 25. Rh5 Nf6 26. Bxf6 Rxf6 27. Rg5 Rfg6 28. Rxg6 Rxg6 29. Ne5 Bxe5 30. dxe5 Nd5 31. Bxd5 Bxd5 32. Rc8+ Kg7 33. Nh5+ Kf7 34. Nf4 Rg4 35. Nxd5 Qxd5 36. Qxd5 exd5 37. g3 Rc4 38. Rd8 Ke6 39. Re8+ Kf7 40. Rh8 Rc2 41. Rxh7+ Ke6 42. h4 Rxb2 43. Rh8 1-0


[Site "https://www.chess.com"]

[Event "Titled Tuesday Blitz June 14 Late 2022"]
[White "Malka, Samuel"]
[Black "Tica, Sven"]
[WhiteFideId "20643675"]
[BlackFideId "14526948"]
[WhiteElo "2488"]
[BlackElo "2346"]
[Result "0-1"]
[Round "04"]
[TimeControl "180+1"]
[Date "2022.06.15"]
[WhiteClock "0:00:01"]
[BlackClock "0:00:55"]

1. Nf3 d5 2. g3 Nf6 3. Bg2 e6 4. c4 Be7 5. d4 O-O 6. O-O dxc4 7. Qc2 b5 8. a4 b4 9. Nfd2 Nd5 10. Nxc4 c5 11. dxc5 Ba6 12. Ne3 Nd7 13. Nxd5 exd5 14. c6 Rc8 15. Bf4 Nc5 16. Rd1 d4 17. h4 Re8 18. c7 Qd7 19. Nd2 Bxe2 20. Re1 d3 21. Qc4 Bd6 22. Rac1 Bxf4 23. Qxf4 Rxc7 24. Qxb4 Ne6 25. Rxc7 Qxc7 26. Nc4 Rb8 27. Qc3 Rc8 28. b3 Qc5 29. Qd2 Nd4 30. Be4 Re8 31. Qf4 Ne6 32. Qd2 Rd8 33. Ne3 Nd4 34. Bg2 Nxb3 35. Qb2 Nd4 36. Qd2 g6 37. Qb2 h5 38. Qd2 Rb8 39. Bh3 Nf3+ 0-1


[Site "https://www.chess.com"]

[Event "Titled Tuesday Blitz June 14 Late 2022"]
[White "Maltsevskaya, Aleksandra"]
[Black "Gallegos Diaz, Carlos Alberto"]
[WhiteFideId "24174041"]
[BlackFideId "3900886"]
[WhiteElo "2243"]
[BlackElo "2362"]
[Result "0-1"]
[Round "04"]
[TimeControl "180+1"]
[Date "2022.06.15"]
[WhiteClock "0:00:02"]
[BlackClock "0:00:40"]

1. e4 d6 2. d4 Nf6 3. Bd3 c6 4. Nf3 e5 5. Nc3 Nbd7 6. O-O Be7 7. b3 O-O 8. Bb2 Re8 9. dxe5 dxe5 10. Na4 Qc7 11. c4 Bf8 12. Rc1 Nc5 13. Nxc5 Bxc5 14. a3 a5 15. h3 h6 16. Nh4 Be6 17. Qf3 Rad8 18. Rcd1 Nd7 19. Nf5 Bxf5 20. Qxf5 Bd4 21. Bxd4 exd4 22. e5 g6 23. Qf4 Qxe5 24. Qxh6 Nc5 25. b4 axb4 26. axb4 Ne6 27. Rfe1 Qf4 28. Qxf4 Nxf4 29. Bf1 Rxe1 30. Rxe1 c5 31. b5 d3 32. g3 Ne6 33. Rd1 d2 34. f4 Nd4 35. Kf2 Nb3 36. Bg2 b6 37. Be4 Rd4 38. Bd5 Kg7 39. Ke3 f5 40. g4 fxg4 41. hxg4 Kf6 42. Bg8 g5 43. fxg5+ Kxg5 44. Be6 Kf6 45. Bf5 Ke5 46. Bc2 Na5 47. g5 Nxc4+ 48. Ke2 Rg4 49. g6 Kd4 50. Bf5 Rg5 51. Be6 Re5+ 52. Kf3 Rxe6 53. Rg1 Rxg6 0-1


[Site "https://www.chess.com"]

[Event "Titled Tuesday Blitz June 14 Late 2022"]
[White "Manukian, Artak"]
[Black "Lewtak, Damian"]
[WhiteFideId "13301373"]
[BlackFideId "1141724"]
[WhiteElo "2501"]
[BlackElo "2379"]
[Result "0-1"]
[Round "04"]
[TimeControl "180+1"]
[Date "2022.06.15"]
[WhiteClock "0:00:03"]
[BlackClock "0:00:11"]

1. e4 b6 2. d4 Bb7 3. Bd3 g6 4. Bg5 Bg7 5. Nf3 h6 6. Be3 e6 7. c3 d6 8. a4 a6 9. b4 Nd7 10. Na3 Ne7 11. Qd2 f5 12. exf5 gxf5 13. Be2 Nf6 14. O-O Ng6 15. c4 Ne4 16. Qc1 Qf6 17. c5 Bd5 18. cxb6 cxb6 19. Qb2 O-O 20. Nc4 f4 21. Bc1 Rab8 22. Ncd2 a5 23. bxa5 bxa5 24. Bb5 Ng5 25. Qa3 Nxf3+ 26. Nxf3 e5 27. dxe5 Nxe5 28. Nxe5 dxe5 29. f3 e4 30. Rb1 exf3 31. gxf3 Kh8 32. Bb2 Qg5+ 33. Kh1 Rg8 34. Rg1 Qh5 0-1


[Site "https://www.chess.com"]

[Event "Titled Tuesday Blitz June 14 Late 2022"]
[White "Martinez Reyes, Pedro Ramon"]
[Black "Hambleton, Aman"]
[WhiteFideId "3901807"]
[BlackFideId "2606577"]
[WhiteElo "2410"]
[BlackElo "2552"]
[Result "0-1"]
[Round "04"]
[TimeControl "180+1"]
[Date "2022.06.14"]
[WhiteClock "0:00:11"]
[BlackClock "0:00:04"]

1. e4 b6 2. d4 Bb7 3. Bd3 e6 4. Nf3 d5 5. exd5 Qxd5 6. Nc3 Bb4 7. O-O Bxc3 8. bxc3 Nf6 9. a4 O-O 10. Qe2 Nbd7 11. Bf4 Qh5 12. a5 c5 13. Ne5 Qxe2 14. Bxe2 Nd5 15. Bf3 Nxe5 16. Bxe5 Ba6 17. Rfe1 cxd4 18. Bxd4 Bc4 19. Reb1 Rac8 20. axb6 axb6 21. Ra7 b5 22. h4 h6 23. Rb7 Rfd8 24. Ra1 Rb8 25. Rba7 Re8 26. Rd7 Ra8 27. Raa7 Rxa7 28. Rxa7 e5 29. Bxd5 Bxd5 30. Bc5 Rc8 31. Bb4 f6 32. f3 h5 33. Kf2 Be6 34. Re7 Bf5 35. Rb7 Bxc2 36. Rxb5 Rc7 37. Rb8+ Kf7 38. Ra8 Rd7 39. c4 Bb3 40. c5 Rd4 41. Ba3 Rc4 42. Ra7+ Kg6 43. Rc7 Rc2+ 44. Ke3 Rxg2 45. c6 Rc2 46. Bf8 Bf7 47. Rc8 Rc3+ 48. Kd2 Rc4 49. c7 Be6 50. Re8 Rxc7 51. Rxe6 Kf7 52. Bd6 Rd7 53. Re7+ Rxe7 54. Bxe7 Kxe7 0-1


[Site "https://www.chess.com"]

[Event "Titled Tuesday Blitz June 14 Late 2022"]
[White "Meshkovs, Nikita"]
[Black "Bortnyk, Olexandr"]
[WhiteFideId "11602740"]
[BlackFideId "14120828"]
[WhiteElo "2506"]
[BlackElo "2723"]
[Result "0-1"]
[Round "04"]
[TimeControl "180+1"]
[Date "2022.06.14"]
[WhiteClock "0:00:02"]
[BlackClock "0:00:02"]

1. d4 d6 2. Nf3 Nf6 3. g3 g6 4. Bg2 Bg7 5. O-O O-O 6. Re1 Bf5 7. Nbd2 d5 8. a4 a5 9. c3 c6 10. Qb3 Qc7 11. Nh4 Be6 12. Ndf3 Ne4 13. Bf4 Qc8 14. Ng5 Nxg5 15. Bxg5 Re8 16. Qa3 f6 17. Bd2 Bh3 18. Bxh3 Qxh3 19. e4 Qd7 20. Qb3 Kh8 21. Re2 e5 22. Rae1 exd4 23. cxd4 Rxe4 24. Rxe4 dxe4 25. Rxe4 g5 26. Nf5 Na6 27. g4 Bf8 28. Bxa5 Nc5 29. dxc5 Rxa5 30. Qc3 Qd1+ 31. Kg2 Qd8 32. Rd4 Qc7 33. Rd3 Rxa4 34. Qxf6+ Kg8 35. Qxg5+ Kf7 36. Rf3 Ke8 37. Re3+ Kf7 38. Rf3 Ke8 39. Qf6 Rxg4+ 40. Kh3 Re4 41. Nd6+ Bxd6 42. cxd6 Qd7+ 43. Rf5 Qe6 44. Qf8+ Kd7 45. Kg3 Qg6+ 46. Kh3 Qg4# 0-1


[Site "https://www.chess.com"]

[Event "Titled Tuesday Blitz June 14 Late 2022"]
[White "Mickiewicz, Piotr"]
[Black "Tarigan, Gilbert Elroy"]
[WhiteFideId "1114891"]
[BlackFideId "7108133"]
[WhiteElo "2209"]
[BlackElo "1908"]
[Result "0-1"]
[Round "04"]
[TimeControl "180+1"]
[Date "2022.06.15"]
[WhiteClock "0:00:10"]
[BlackClock "0:00:06"]

1. e4 c5 2. Nf3 d6 3. d4 cxd4 4. Nxd4 Nf6 5. Nc3 a6 6. Be2 b5 7. Bf3 e5 8. Nf5 h6 9. Ne3 Be6 10. Ncd5 Nbd7 11. a4 Bxd5 12. Nxd5 Nxd5 13. Qxd5 bxa4 14. Rxa4 Be7 15. O-O O-O 16. Be3 Nb6 17. Bxb6 Qxb6 18. b4 g6 19. Rfa1 Rfc8 20. c4 Kg7 21. g3 h5 22. h4 Rab8 23. Kg2 Qc6 24. Be2 Qxd5 25. exd5 e4 26. Rb1 Rb6 27. Rb3 Rcb8 28. Kf1 Bf6 29. f4 Bd4 30. b5 Bc5 31. Ke1 Kf6 32. Kd1 Bf2 33. Kc2 axb5 34. Rxb5 Bxg3 35. Rxb6 Rxb6 36. c5 dxc5 37. Rxe4 Rb4 38. Rxb4 cxb4 39. Kb3 Bxf4 40. Kxb4 Ke7 41. Kc5 Bg3 42. Kc6 Bxh4 43. d6+ Ke8 44. Bc4 Bd8 45. Bb5 Ba5 46. Kb7+ Kd8 47. Kc6 h4 48. Bc4 f5 49. Bf7 h3 50. Bd5 g5 51. d7 g4 52. Kd6 g3 53. Ke5 g2 54. Bxg2 hxg2 55. Kxf5 g1=Q 0-1


[Site "https://www.chess.com"]

[Event "Titled Tuesday Blitz June 14 Late 2022"]
[White "Moroni, Luca Jr"]
[Black "Ambartsumova, Karina"]
[WhiteFideId "865834"]
[BlackFideId "4166299"]
[WhiteElo "2573"]
[BlackElo "2262"]
[Result "1-0"]
[Round "04"]
[TimeControl "180+1"]
[Date "2022.06.14"]
[WhiteClock "0:00:21"]
[BlackClock "0:00:07"]

1. c4 Nf6 2. Nc3 g6 3. e4 d6 4. g3 Bg7 5. Bg2 O-O 6. Nge2 e5 7. d3 Nc6 8. O-O Be6 9. h3 Qd7 10. Kh2 Nh5 11. f4 exf4 12. Nxf4 Nxf4 13. Bxf4 f5 14. Qd2 Nd4 15. Rae1 c6 16. exf5 Bxf5 17. Ne4 Bxe4 18. Rxe4 Rae8 19. Rfe1 Rxe4 20. Rxe4 Nf5 21. b3 Re8 22. Qe1 Rxe4 23. Qxe4 Ne7 24. h4 d5 25. Qe2 Nf5 26. cxd5 cxd5 27. Qe1 h6 28. Qa5 Ne7 29. Qxa7 Kh7 30. Qc5 Bf6 31. a4 g5 32. hxg5 hxg5 33. Bd2 Qf5 34. Qe3 Nc6 35. Qf3 Qg6 36. g4 Ne5 37. Qf5 Nxd3 38. Qxg6+ Kxg6 39. Bxd5 Nc5 40. Be3 b6 41. a5 Bd8 42. b4 Nd7 43. a6 1-0


[Site "https://www.chess.com"]

[Event "Titled Tuesday Blitz June 14 Late 2022"]
[White "Nakamura, Hikaru"]
[Black "Swiercz, Dariusz"]
[WhiteFideId "2016192"]
[BlackFideId "1126881"]
[WhiteElo "2850"]
[BlackElo "2627"]
[Result "1-0"]
[Round "04"]
[TimeControl "180+1"]
[Date "2022.06.14"]
[WhiteClock "0:00:29"]
[BlackClock "0:00:03"]

1. Nf3 d5 2. d4 Nf6 3. Bf4 g6 4. c4 Bg7 5. e3 O-O 6. Nc3 c5 7. dxc5 Ne4 8. Be5 Bxe5 9. Nxe5 Nxc3 10. bxc3 Qc7 11. Qd4 f6 12. Nf3 Nc6 13. Qxd5+ Kg7 14. Qd2 Rd8 15. Qb2 Qa5 16. Be2 Qxc5 17. O-O b6 18. Nd4 Ne5 19. Qb3 Bd7 20. Rfd1 Rac8 21. Rd2 Nf7 22. Rad1 e5 23. Nb5 Bxb5 24. cxb5 Rxd2 25. Rxd2 Qxc3 26. Qxc3 Rxc3 27. Rd7 Rc1+ 28. Bf1 f5 29. Rxa7 Kf6 30. Rb7 e4 31. Rxb6+ Kg5 32. Rc6 Rb1 33. f4+ exf3 34. gxf3 Kh4 35. Rc4+ Kh5 36. Rc2 Ne5 37. Kg2 Ra1 38. Rb2 Nd7 39. b6 Nb8 40. b7 g5 41. Bd3 f4 42. exf4 gxf4 43. Bxh7 Kh4 44. Be4 1-0


[Site "https://www.chess.com"]

[Event "Titled Tuesday Blitz June 14 Late 2022"]
[White "Nazaretyan, Tigran"]
[Black "Dubov, Daniil"]
[WhiteFideId "24162345"]
[BlackFideId "24126055"]
[WhiteElo "2179"]
[BlackElo "2791"]
[Result "0-1"]
[Round "04"]
[TimeControl "180+1"]
[Date "2022.06.14"]
[WhiteClock "0:00:04"]
[BlackClock "0:01:29"]

1. d4 Nf6 2. c4 e6 3. Nf3 d5 4. Nc3 c6 5. e3 Nbd7 6. Qc2 a5 7. Be2 dxc4 8. a4 Bd6 9. Bxc4 O-O 10. O-O e5 11. h3 h6 12. Rd1 Qc7 13. Nh4 Re8 14. Ba2 Nf8 15. Nf5 e4 16. Nxd6 Qxd6 17. Bd2 Ng6 18. Be1 Be6 19. Bb1 Bd7 20. Ne2 Nd5 21. Ba2 Kh7 22. Nc3 Nb4 23. Qb1 Nxa2 24. Qxa2 Qf6 25. Qb3 Nh4 26. Qxb7 Bxh3 27. Nxe4 Rxe4 28. Qxa8 Qf3 29. gxf3 Nxf3+ 30. Kh1 Rg4 0-1


[Site "https://www.chess.com"]

[Event "Titled Tuesday Blitz June 14 Late 2022"]
[White "Nozdrachev, Leonid"]
[Black "Hjartarson, Johann"]
[WhiteFideId "24113433"]
[BlackFideId "2300044"]
[WhiteElo "2129"]
[BlackElo "2458"]
[Result "1/2-1/2"]
[Round "04"]
[TimeControl "180+1"]
[Date "2022.06.15"]
[WhiteClock "0:00:05"]
[BlackClock "0:00:12"]

1. e4 c5 2. c3 d5 3. exd5 Qxd5 4. d4 Nf6 5. Nf3 e6 6. Bd3 Be7 7. O-O O-O 8. Be3 cxd4 9. cxd4 Nc6 10. Nc3 Qd6 11. Rc1 Bd7 12. Bb1 Rad8 13. a3 a6 14. Qd3 g6 15. Rfd1 Rfe8 16. h3 Qb8 17. Qe2 b5 18. Ne4 Nxe4 19. Bxe4 Rc8 20. d5 Ne5 21. Nxe5 Qxe5 22. Bd4 Qg5 23. Be3 Qh4 24. dxe6 Rxc1 25. Bxc1 Bxe6 26. Bb7 Bc4 27. Qf3 a5 28. Bc6 Rc8 29. b3 Bxb3 30. Qxb3 Rxc6 31. Qxb5 Rc2 32. Qe8+ Kg7 33. Be3 Rc4 34. Bd4+ Rxd4 35. Rxd4 Qxd4 36. Qxe7 a4 37. g3 h5 38. h4 Qc3 39. Qd6 Qb3 40. Qe5+ Kf8 41. Qd6+ Ke8 42. Kg2 Qc4 43. Kg1 Qe4 44. Kf1 Qc4+ 45. Ke1 Qc1+ 46. Ke2 Qc2+ 47. Ke3 Qc3+ 48. Ke4 Qc4+ 49. Kf3 Qc3+ 50. Kf4 Qc4+ 51. Kg5 Qc3 52. Kh6 Qh8+ 53. Kg5 Qc3 54. Qb8+ Ke7 55. Qa7+ Ke6 56. Qa6+ Ke7 57. Qa7+ Ke6 58. Qa6+ Ke7 59. Qa7+ 1/2-1/2


[Site "https://www.chess.com"]